Map: Orbital Shipyard

Players

Kronos - Winner!

  • Race: Zerg Zerg
  • League: Diamond

StreeTDanceR

  • Race: Terran Terran
  • League: Diamond

VOD

Have the link to the VOD?

Description

Time

  • Played on: Feb. 2, 2016, 12:40 p.m.
  • Length: 22:28
Show
View Real Time Build Order
Export as new Build Order

Kronos Zerg - Winner!

Build Orders: Hatch First, Muta Ling Bane 

Get SALT Encoding   

  12  0:01  Drone  
  13  0:09  Drone  
  14  0:17  Overlord  
  14  0:26  Extractor  
  14  0:27  Extractor  
  14  0:28  Drone  
  13  0:29  Drone  
  16  0:36  Drone  
  17  0:53  Hatchery  
  17  0:56  Drone  
  17  1:10  Spawning Pool  
  16  1:14  Extractor  
  16  1:15  Drone  
  16  1:23  Drone  
  17  1:28  Drone  
  17  1:29  Drone  
  19  1:41  Overlord  
  19  1:49  Drone  
  20  2:03  Queen  
  20  2:04  Queen  
  20  2:06  Drone x2  
  26  2:13  Drone  
  26  2:15  Metabolic Boost  
  26  2:19  Drone  
  27  2:24  Drone  
  27  2:26  Drone  
  29  2:34  Drone  
  30  2:38  Overlord  
  30  2:47  Zergling x2  
  30  2:48  Drone  
  32  2:53  Drone  
  33  3:00  Drone  
  33  3:05  Drone  
  35  3:16  Drone x3  
  35  3:17  Overlord, Drone  
  39  3:22  Baneling Nest  
  39  3:23  Zergling x4  
  39  3:25  Overlord  
  40  3:28  Drone  
  40  3:33  Zergling x2  
  42  3:43  Zergling x4  
  44  3:50  Zergling x8  
  44  3:53  Hatchery  
  44  3:54  Spore Crawler  
  44  3:55  Spore Crawler  
  45  3:56  Drone  
  45  3:57  Drone x2  
  49  4:02  Zergling x2  
  49  4:08  Queen  
  51  4:10  Baneling x5  
  51  4:11  Baneling  
  51  4:15  Zergling x4  
  53  4:22  Zergling x6  
  53  4:23  Zergling x2  
  56  4:38  Zergling x8  
  52  4:40  Drone  
  52  4:41  Drone  
  52  4:42  Lair  
  52  4:50  Extractor  
  52  4:52  Extractor x2, Drone x2  
  51  4:56  Queen  
  53  5:01  Drone x2  
  53  5:04  Queen  
  53  5:05  Drone  
  58  5:11  Drone x2  
  58  5:12  Drone x4  
  64  5:17  Drone x2  
  64  5:18  Overlord  
  66  5:25  Overlord  
  66  5:38  Drone x5  
  71  5:48  Spire  
  70  5:50  Zergling x6  
  70  5:51  Zergling x4  
  70  5:52  Overlord  
  70  5:53  Baneling x4  
  70  5:54  Baneling x4  
  74  5:57  Zergling x6  
  74  6:01  Overlord  
  77  6:07  Zergling x2  
  77  6:08  Zergling x2  
  79  6:25  Drone  
  79  6:26  Drone x4  
  79  6:29  Extractor  
  79  6:30  Extractor  
  82  6:32  Overlord  
  82  6:34  Drone x3  
  85  6:44  Overlord  
  85  6:48  Drone x2  
  85  6:49  Drone x3  
  85  6:51  Zergling x2  
  85  6:53  Evolution Chamber  
  89  6:55  Centrifical Hooks, Evolution Chamber  
  89  7:00  Zerg Flyer Weapons Level 1  
  88  7:01  Mutalisk x4  
  88  7:02  Mutalisk  
  88  7:05  Zergling x8  
  88  7:06  Zergling x4  
  104  7:16  Zergling x6  
  104  7:19  Baneling x3  
  104  7:20  Baneling x5  
  107  7:24  Overlord  
  107  7:27  Overlord  
  81  7:49  Zergling x14  
  81  7:50  Zergling x6  
  81  7:54  Zergling x4  
  81  7:57  Mutalisk  
  83  8:01  Mutalisk x2  
  87  8:08  Mutalisk  
  87  8:12  Mutalisk x2  
  88  8:14  Zerg Melee Weapons Level 1  
  88  8:17  Zerg Ground Armor Level 1  
  92  8:20  Mutalisk  
  92  8:26  Zergling x8  
  92  8:27  Zergling x10  
  97  8:37  Zergling x2  
  97  8:38  Zergling x4  
  99  8:45  Baneling  
  99  8:46  Baneling x7  
  99  8:47  Baneling  
  99  8:50  Mutalisk x3  
  99  8:52  Overlord  
  99  8:53  Hatchery  
  99  8:54  Zergling x10  
  109  8:59  Infestation Pit  
  109  9:00  Zergling x6  
  109  9:01  Zergling x4  
  110  9:16  Zergling x6  
  113  9:17  Overlord  
  102  9:39  Hive, Mutalisk  
  102  9:40  Mutalisk x4  
  102  9:42  Zergling x4, Overlord  
  102  9:43  Zergling x8  
  107  9:55  Extractor  
  107  9:58  Extractor  
  86  10:01  Zergling x10  
  86  10:05  Drone  
  86  10:06  Drone x7  
  86  10:07  Drone, Overlord  
  99  10:11  Zerg Melee Weapons Level 2, Zerg Ground Armor Level 2  
  99  10:13  Queen  
  102  10:17  Zergling x8  
  106  10:44  Overlord  
  106  10:45  Zergling x18  
  106  10:46  Zergling x6  
  106  10:47  Mutalisk x3  
  124  10:50  Baneling x9  
  124  10:51  Baneling x9  
  124  10:59  Zergling x2  
  124  11:00  Zergling x8  
  124  11:02  Ultralisk Cavern  
  128  11:04  Mutalisk  
  125  11:24  Zergling x8  
  125  11:25  Zergling x14  
  100  11:36  Mutalisk x4  
  100  11:38  Zergling x4  
  100  11:39  Zergling x2  
  103  11:50  Baneling x4  
  103  11:51  Baneling x3  
  103  11:52  Chitinous Plating  
  103  11:53  Ultralisk x2  
  105  12:00  Zergling x12  
  101  12:08  Ultralisk  
  101  12:14  Zergling x6  
  108  12:26  Ultralisk  
  108  12:28  Zerg Ground Armor Level 3  
  114  12:31  Zergling x4  
  114  12:32  Zergling x2  
  117  12:43  Hatchery  
  99  13:05  Zerg Melee Weapons Level 3  
  98  13:06  Ultralisk x2  
  98  13:10  Corruptor  
  98  13:12  Corruptor  
  114  13:31  Ultralisk  
  120  13:39  Overlord  
  120  13:42  Corruptor x2  
  120  13:45  Zergling x6  
  120  13:46  Zergling x6  
  130  14:00  Zergling x2  
  130  14:01  Zergling x6  
  134  14:07  Mutalisk x2  
  134  14:08  Mutalisk x2  
  141  14:10  Overlord  
  141  14:12  Zergling x2  
  141  14:14  Baneling x2  
  141  14:15  Baneling x3  
  142  14:27  Overseer x2  
  142  14:30  Ultralisk  
  144  14:32  Baneling x3  
  144  14:33  Baneling x2  
  144  14:53  Viper x2  
  150  15:01  Hatchery  
  148  15:26  Ultralisk x2  
  148  15:27  Ultralisk  
  165  15:48  Overlord  
  165  15:51  Corruptor x2  
  165  15:53  Overlord  
  167  16:15  Ultralisk  
  132  16:46  Mutalisk x5  
  136  16:48  Zergling x4  
  136  16:49  Zergling x2  
  136  16:53  Extractor  
  142  16:55  Extractor  
  141  17:16  Viper x2  
  141  17:19  Mutalisk x2  
  141  17:20  Hatchery  
  150  17:30  Adrenal Glands  
  147  18:06  Ultralisk x2  
  143  18:46  Mutalisk x5  
  143  18:47  Mutalisk  
  131  18:49  Zergling x14  
  131  18:50  Zergling x18  
  131  18:51  Extractor  
  130  19:32  Ultralisk x2  
  130  19:35  Hatchery  
  125  19:50  Baneling  
  125  19:51  Baneling x2  
  102  20:13  Extractor  
  101  20:24  Ultralisk x3  
  101  20:25  Zergling x2  
  101  20:26  Zergling x24  
  119  21:00  Mutalisk x4  
  119  21:01  Mutalisk  
  119  21:02  Zergling x2  
  119  21:03  Zergling x12  
  136  21:19  Baneling x7  
  136  21:20  Baneling  
  136  21:27  Overseer  
  136  21:30  Pathogen Glands  
  129  21:54  Drone x3  
  129  21:55  Overlord x2, Drone x5  
  129  21:56  Extractor  
Show
View Real Time Build Order
Export as new Build Order

StreeTDanceR Terran 

Build Orders: Reaper Expand, MMM Bio 

Get SALT Encoding   

  12  0:00  SCV  
  13  0:13  SCV  
  14  0:18  Supply Depot  
  14  0:25  SCV  
  15  0:39  SCV  
  15  0:41  Barracks  
  16  0:48  Refinery  
  16  0:52  SCV  
  17  1:04  SCV  
  18  1:16  SCV  
  19  1:29  Orbital Command  
  19  1:32  Reaper  
  20  1:40  Command Center  
  20  1:50  Supply Depot  
  20  1:55  SCV  
  21  2:04  Marine  
  21  2:07  SCV  
  23  2:17  Factory  
  23  2:19  SCV  
  24  2:27  Refinery  
  24  2:28  Barracks Reactor  
  24  2:31  SCV  
  25  2:43  SCV  
  26  2:55  SCV  
  27  3:02  Factory Tech Lab  
  27  3:05  Starport  
  27  3:06  Marine x2  
  27  3:07  SCV  
  30  3:16  Orbital Command  
  30  3:20  SCV  
  30  3:23  Marine  
  30  3:24  Marine  
  32  3:27  Siege Tank  
  32  3:32  SCV  
  36  3:41  Marine x2  
  36  3:44  SCV  
  36  3:45  Medivac  
  36  3:47  SCV  
  42  3:56  SCV  
  42  3:58  Supply Depot  
  42  3:59  SCV  
  42  4:01  Supply Depot  
  44  4:07  Marine x2  
  46  4:14  Factory Reactor  
  46  4:16  Supply Depot  
  46  4:20  SCV x2  
  46  4:23  Starport Reactor  
  48  4:27  Barracks  
  48  4:32  SCV x2  
  48  4:33  Refinery x2  
  48  4:34  Barracks  
  49  4:44  SCV x2  
  49  4:45  Supply Depot  
  51  4:49  Marauder  
  53  4:56  Hellion x2  
  53  4:59  SCV x2  
  59  5:04  Barracks  
  59  5:10  Marine  
  59  5:11  SCV x2  
  62  5:20  Medivac  
  64  5:23  SCV x2, Supply Depot  
  64  5:28  Supply Depot, Marine  
  67  5:31  Marine, Stimpack  
  67  5:35  SCV  
  69  5:36  SCV  
  69  5:39  Factory Tech Lab  
  69  5:41  Barracks  
  70  5:45  Marine x2  
  70  5:47  SCV  
  70  5:48  SCV  
  74  5:53  Marine x3  
  74  5:55  Medivac  
  79  5:59  SCV, Siege Tank  
  79  6:02  Marine  
  79  6:03  Supply Depot, Marine  
  85  6:04  Supply Depot  
  85  6:07  Engineering Bay  
  85  6:11  Marine  
  85  6:15  Barracks  
  86  6:24  Marine x2  
  86  6:25  Marine x2  
  85  6:29  Marine  
  85  6:30  Medivac  
  85  6:32  Terran Infantry Weapons Level 1, Siege Tank  
  91  6:33  Marine  
  91  6:34  Marine  
  91  6:37  SCV x2  
  95  6:42  Marine x2  
  95  6:43  Marine x2  
  95  6:47  Marine  
  100  6:54  Marine x2  
  102  7:05  Command Center  
  102  7:13  Supply Depot  
  102  7:14  Supply Depot  
  102  7:31  Combat Shields  
  102  7:34  Marine x3, Medivac  
  102  7:35  Siege Tank, Marine x2  
  102  7:36  Marine x3  
  79  7:52  Marine x5  
  79  7:54  Marine x3  
  85  8:04  Medivac  
  86  8:07  Siege Tank  
  86  8:10  Marine x5  
  86  8:11  Marine  
  86  8:12  Marine x2  
  94  8:23  Orbital Command  
  94  8:27  Terran Infantry Armor Level 1  
  92  8:28  Marine x5  
  92  8:29  Marine x3  
  92  8:34  Medivac  
  92  8:39  Siege Tank  
  96  8:46  Marine x5  
  96  8:47  Marine x2, Armory  
  96  8:48  SCV x2  
  105  8:51  Starport  
  105  9:04  Supply Depot  
  105  9:05  Supply Depot  
  102  9:15  Marine x2  
  102  9:16  Marine x4  
  108  9:22  Liberator x2  
  108  9:23  Marine x2  
  99  9:33  Marine x3  
  99  9:34  Marine x3  
  99  9:36  Missile Turret  
  99  9:37  Barracks x2  
  99  9:38  Missile Turret x2, Barracks  
  104  9:41  Missile Turret, Marine x2  
  111  9:51  Marine  
  109  9:59  Marine  
  107  10:00  Marine x6  
  107  10:01  SCV x3  
  107  10:04  Supply Depot  
  117  10:07  Supply Depot  
  117  10:08  Missile Turret  
  117  10:13  SCV  
  118  10:19  Concussive Shells  
  118  10:21  Terran Infantry Weapons Level 2  
  118  10:26  Refinery  
  118  10:27  Barracks Reactor x4, Refinery  
  118  10:28  Marine x2  
  118  10:29  Marine  
  118  10:30  Marine  
  118  10:34  Drilling Claws  
  122  10:42  Factory  
  122  10:43  Liberator  
  122  10:47  Marine  
  122  10:48  Marine x5  
  122  10:49  Marine  
  132  11:05  Marine x2  
  132  11:06  Marine x5  
  132  11:07  Marine  
  132  11:08  Marine x6  
  132  11:10  Marine  
  143  11:23  Marine x3  
  143  11:24  Marine  
  123  11:29  Marine x4  
  123  11:31  Marine x4  
  104  11:40  Marine x3  
  104  11:41  Marine x4  
  110  11:48  Marine x5  
  110  11:49  Marine, Widow Mine x2  
  111  12:10  Marine x4  
  111  12:11  Marine x2  
  111  12:12  Marine x3  
  120  12:19  Marine x5  
  120  12:20  Marine, Widow Mine  
  127  12:27  Marine  
  127  12:28  Marine x3  
  131  12:37  Terran Infantry Armor Level 2  
  131  12:39  Marine x2  
  131  12:40  Marine  
  134  12:49  Marauder  
  123  13:01  Widow Mine  
  122  13:10  Marauder  
  124  13:18  Barracks Tech Lab  
  124  13:19  Barracks Tech Lab  
  124  13:22  Barracks Tech Lab  
  124  13:23  Liberator  
  124  13:25  Liberator  
  124  13:31  Marauder  
  126  13:38  Supply Depot  
  126  13:40  Supply Depot  
  129  13:47  Orbital Command  
  132  13:51  Marauder x2  
  132  13:53  Marauder  
  138  14:14  Marauder x4  
  144  14:35  Marauder  
  144  14:36  Marauder  
  148  14:38  Ghost Academy  
  148  14:40  Siege Tank, Liberator x2, Widow Mine  
  153  14:51  Marauder x2  
  155  14:57  Marauder x2  
  165  15:02  Supply Depot x2  
  165  15:08  Widow Mine  
  165  15:12  Marauder  
  165  15:13  Marauder  
  171  15:14  Marine x5  
  171  15:15  Marine x3  
  171  15:18  Marauder  
  181  15:23  Marauder  
  170  15:32  Supply Depot  
  170  15:34  Marauder, Supply Depot x2  
  172  15:42  Supply Depot  
  172  15:45  Supply Depot  
  172  15:47  Supply Depot  
  172  15:48  Supply Depot  
  171  16:02  Missile Turret  
  171  16:03  Missile Turret  
  171  16:10  Supply Depot  
  99  16:40  Medivac x2  
  99  16:43  Marauder x3  
  99  16:44  Marauder, Marine x3  
  112  17:04  Marauder  
  112  17:05  Marauder x3  
  120  17:10  Medivac  
  120  17:14  Widow Mine x2  
  126  17:28  Orbital Command  
  122  17:42  Widow Mine  
  122  17:43  Widow Mine  
  124  18:11  Widow Mine x2  
  60  18:55  Marine  
  60  18:56  Marine x4  
  60  18:59  Marine x7  
  68  19:13  Marine x2  
  68  19:14  Marine x3  
  68  19:16  Marine  
  68  19:17  Marine x6  
  72  19:22  Medivac x2  
  70  19:31  Marine x3  
  70  19:32  Marine x2  
  70  19:34  Marine x3  
  70  19:35  Marauder, Marine x2  
  70  19:36  Marauder  
  55  19:51  Medivac  
  55  19:52  Medivac  
  58  19:53  Marauder x2  
  58  19:57  Marauder  
  48  20:21  Medivac  
  45  20:36  Marauder, Marine  
  48  20:55  Orbital Command  
  45  21:56  Marauder  
Tags
 
Add a new tag
Caveats
  • Supply blocks, unpowered buildings, or Contaminate may cause inaccurate times.
  • Supply counts are checked every 10 seconds.